NCAA
MARYLAND TERRAPINS @ ALABAMA CRIMSON TIDE
04/21/2030
 
TOP OF THE 1ST
Maryland Terrapins batting - Pitching for Alabama Crimson Tide : RHP Mike Foreman
Pitching: RHP Mike Foreman
Batting: SHB Philippe Paquin 0-0: Called Strike
0-1: Swinging Strike
0-2: Ball
1-2: Fly out, F4 (Line Drive, 4)
Batting: RHB José Lazu 0-0: Called Strike
0-1: Ball
1-1: Called Strike
1-2: Foul Ball, location: 2F
1-2: Ball
2-2: Strikes out swinging
Batting: RHB Jeff O'Day 0-0: Called Strike
0-1: Fly out, F9 (Flyball, 89D)
Top of the 1st over - 0 runs, 0 hits, 0 errors, 0 left on base; Maryland 0 - Alabama 0
BOTTOM OF THE 1ST
Alabama Crimson Tide batting - Pitching for Maryland Terrapins : LHP César Román
Pitching: LHP César Román
Batting: LHB Tom York 0-0: Called Strike
0-1: Ball
1-1: Foul Ball, location: 2F
1-2: Ground out 4-3 (Groundball, 4M)
Batting: RHB Chris Bass 0-0: Called Strike
0-1: Foul Ball, location: 2F
0-2: Fly out, F8 (Flyball, 8RD)
Batting: LHB Tracy Becker 0-0: Ball
1-0: Called Strike
1-1: Fly out, F9 (Flyball, 9)
Bottom of the 1st over - 0 runs, 0 hits, 0 errors, 0 left on base; Maryland 0 - Alabama 0
TOP OF THE 2ND
Maryland Terrapins batting - Pitching for Alabama Crimson Tide : RHP Mike Foreman
Batting: LHB Winston Roberts 0-0: Fly out, F9 (Flyball, 9D)
Batting: LHB Charlie Johnston 0-0: Called Strike
0-1: Ball
1-1: Fly out, F8 (Line Drive, 8LD)
Batting: RHB Kris Brown 0-0: Called Strike
0-1: Ball
1-1: Swinging Strike
1-2: Foul Ball, location: 2F
1-2: SINGLE (Line Drive, 6M)
Batting: RHB Les McCarty 0-0: Ball
1-0: Called Strike
1-1: Called Strike
1-2: Strikes out swinging
Top of the 2nd over - 0 runs, 1 hit, 0 errors, 1 left on base; Maryland 0 - Alabama 0
BOTTOM OF THE 2ND
Alabama Crimson Tide batting - Pitching for Maryland Terrapins : LHP César Román
Batting: RHB Shannon Watson 0-0: Ball
1-0: Called Strike
1-1: Ball
2-1: Foul Ball, location: 2F
2-2: Strikes out swinging
Batting: RHB Mike Irvin 0-0: Ground out 6-3 (Groundball, 6S)
Batting: RHB Oscar Trent 0-0: Ball
1-0: Called Strike
1-1: Ball
2-1: Fly out, F6 (Line Drive, 6)
Bottom of the 2nd over - 0 runs, 0 hits, 0 errors, 0 left on base; Maryland 0 - Alabama 0
TOP OF THE 3RD
Maryland Terrapins batting - Pitching for Alabama Crimson Tide : RHP Mike Foreman
Batting: RHB Fred Taylor 0-0: Called Strike
0-1: Foul Ball, location: 2F
0-2: Ball
1-2: Foul Ball, location: 2F
1-2: Fly out, F4 (Line Drive, 4)
Batting: RHB Ben Barnes 0-0: Ball
1-0: Ball
2-0: Ground out 4-3 (Groundball, 4)
Batting: SHB Philippe Paquin 0-0: Called Strike
0-1: Ball
1-1: Foul Ball, location: 2F
1-2: Ground out 1-3 (Groundball, 13)
Top of the 3rd over - 0 runs, 0 hits, 0 errors, 0 left on base; Maryland 0 - Alabama 0
BOTTOM OF THE 3RD
Alabama Crimson Tide batting - Pitching for Maryland Terrapins : LHP César Román
Batting: SHB Wayne Coleman 0-0: Foul Ball, location: 2F
0-1: Foul Ball, location: 2F
0-2: Foul Ball, location: 2F
0-2: Foul Ball, location: 2F
0-2: Ball
1-2: Ground out 4-3 (Groundball, 4)
Batting: RHB Len Valadez 0-0: Ball
1-0: SINGLE (Flyball, 3D)
Batting: RHB John Martin 0-0: Ball
1-0: Swinging Strike
1-1: Ball
2-1: SINGLE (Groundball, 6MD)
Len Valadez to second
Runner from 2nd tries for 3rd, SAFE, throw made to third
Batting: LHB Tom York 0-0: Foul Ball, location: 2F
0-1: Ball
1-1: Foul Ball, location: 2F
1-2: Ball
Wild Pitch!
Len Valadez scores
John Martin to second
2-2: Strikes out looking
Batting: RHB Chris Bass 0-0: Fly out, F8 (Flyball, 8LD)
Bottom of the 3rd over - 1 run, 2 hits, 0 errors, 1 left on base; Maryland 0 - Alabama 1
TOP OF THE 4TH
Maryland Terrapins batting - Pitching for Alabama Crimson Tide : RHP Mike Foreman
Batting: RHB José Lazu 0-0: Ball
1-0: Foul Ball, location: 2F
1-1: Swinging Strike
1-2: Foul Ball, location: 2F
1-2: Ball
2-2: Foul Ball, location: 2F
2-2: Ball
3-2: DOUBLE (Line Drive, 89M)
Batting: RHB Jeff O'Day 0-0: Ball
1-0: Ball
2-0: Ball
3-0: Called Strike
3-1: Foul Ball, location: 2F
3-2: Base on Balls
Batting: LHB Winston Roberts 0-0: Ball
1-0: Fly out, F2 (Popup, 2L)
Batting: LHB Charlie Johnston 0-0: Ball
1-0: Ball
2-0: Swinging Strike
2-1: Swinging Strike
2-2: Strikes out swinging
Batting: RHB Kris Brown 0-0: SINGLE (Groundball, 6) (infield hit)
José Lazu to third
Jeff O'Day to second
Batting: RHB Les McCarty 0-0: Foul Ball, location: 2F
0-1: Swinging Strike
0-2: Ball
1-2: Foul Ball, location: 2F
1-2: Strikes out swinging
Top of the 4th over - 0 runs, 2 hits, 0 errors, 3 left on base; Maryland 0 - Alabama 1
BOTTOM OF THE 4TH
Alabama Crimson Tide batting - Pitching for Maryland Terrapins : LHP César Román
Batting: LHB Tracy Becker 0-0: Called Strike
0-1: Ball
1-1: Fly out, F9 (Flyball, 89D)
Batting: RHB Shannon Watson 0-0: Foul Ball, location: 2F
0-1: Ball
1-1: Fly out, F4 (Popup, 34)
Batting: RHB Mike Irvin 0-0: Called Strike
0-1: Ball
1-1: Called Strike
1-2: Ball
2-2: Ball
3-2: Foul Ball, location: 2F
3-2: Base on Balls
Batting: RHB Oscar Trent 0-0: Foul Ball, location: 2F
0-1: Called Strike
0-2: Ball
1-2: Ball
2-2: Strikes out swinging
Bottom of the 4th over - 0 runs, 0 hits, 0 errors, 1 left on base; Maryland 0 - Alabama 1
TOP OF THE 5TH
Maryland Terrapins batting - Pitching for Alabama Crimson Tide : RHP Mike Foreman
Batting: RHB Fred Taylor 0-0: Called Strike
0-1: Foul Ball, location: 2F
0-2: Ball
1-2: Strikes out swinging
Batting: RHB Ben Barnes 0-0: Ball
1-0: Ball
2-0: Ball
3-0: Called Strike
3-1: Foul Ball, location: 2F
3-2: Ground out U3 (Groundball, 3S)
Batting: SHB Philippe Paquin 0-0: Foul Ball, location: 2F
0-1: Foul Ball, location: 2F
0-2: Foul Ball, location: 2F
0-2: Ball
1-2: Foul Ball, location: 2F
1-2: SINGLE (Groundball, 4S) (infield hit)
Pitching: RHP Dave Edmonds
Batting: RHB José Lazu 0-0: Ball
1-0: Swinging Strike
1-1: Ball
2-1: Ball
3-1: Foul Ball, location: 2F
3-2: Base on Balls
Philippe Paquin to second
Batting: RHB Jeff O'Day 0-0: Foul Ball, location: 2F
0-1: Foul Ball, location: 2F
0-2: Strikes out swinging
Top of the 5th over - 0 runs, 1 hit, 0 errors, 2 left on base; Maryland 0 - Alabama 1
BOTTOM OF THE 5TH
Alabama Crimson Tide batting - Pitching for Maryland Terrapins : LHP César Román
Batting: SHB Wayne Coleman 0-0: Ball
1-0: Called Strike
1-1: Ball
2-1: Fly out, F7 (Flyball, 78D)
Batting: RHB Len Valadez 0-0: Called Strike
0-1: Foul Ball, location: 2F
0-2: Fly out, F7 (Flyball, 7)
Batting: RHB John Martin 0-0: Ball
1-0: Called Strike
1-1: Foul Ball, location: 2F
1-2: Foul Ball, location: 2F
1-2: SINGLE (Groundball, 56D)
Batting: LHB Tom York 0-0: Called Strike
Pickoff Throw to First - Out!
Bottom of the 5th over - 0 runs, 1 hit, 0 errors, 0 left on base; Maryland 0 - Alabama 1
TOP OF THE 6TH
Maryland Terrapins batting - Pitching for Alabama Crimson Tide : RHP Dave Edmonds
Batting: LHB Winston Roberts 0-0: Called Strike
0-1: Ground out 5-3 (Groundball, 56)
Batting: LHB Charlie Johnston 0-0: Called Strike
0-1: Ball
1-1: Fly out, F8 (Flyball, 8RD)
Batting: RHB Kris Brown 0-0: Ball
1-0: Ball
2-0: Ball
3-0: Called Strike
3-1: Base on Balls
Batting: RHB Les McCarty 0-0: Called Strike
0-1: Ball
1-1: Foul Ball, location: 2F
1-2: Foul Ball, location: 2F
1-2: Strikes out looking
Top of the 6th over - 0 runs, 0 hits, 0 errors, 1 left on base; Maryland 0 - Alabama 1
BOTTOM OF THE 6TH
Alabama Crimson Tide batting - Pitching for Maryland Terrapins : LHP César Román
Batting: LHB Tom York 0-0: Ball
1-0: Called Strike
1-1: Foul Ball, location: 2F
1-2: Ball
2-2: Ball
3-2: Fly out, F8 (Flyball, 8RM)
Batting: RHB Chris Bass 0-0: Swinging Strike
0-1: Called Strike
0-2: Ball
1-2: Ball
2-2: Foul Ball, location: 2F
2-2: SINGLE (Flyball, 7LM)
Pitching: LHP Eugene Hernández
Batting: LHB Tracy Becker 0-0: Ball
Chris Bass steals 2nd base
1-0: Ball
2-0: Ball
3-0: Base on Balls
Batting: RHB Shannon Watson 0-0: Ball
Chris Bass steals 3rd base
Tracy Becker to second
1-0: Intentional Walk
Batting: RHB Mike Irvin 0-0: Called Strike
0-1: Ball
1-1: Called Strike
1-2: Ball
2-2: Foul Ball, location: 2F
2-2: SINGLE (Groundball, 56D)
Chris Bass scores
Tracy Becker to third
Shannon Watson to second
Batting: RHB Oscar Trent 0-0: Ball
1-0: SINGLE (Flyball, 7S)
Tracy Becker scores
Shannon Watson to third
Mike Irvin to second
Batting: SHB Wayne Coleman 0-0: SINGLE (Line Drive, 78S)
Shannon Watson scores
Mike Irvin to third
Oscar Trent to second
Runner from 3rd tries for Home, SAFE, throw made at trailing runner, OUT at third!
Pitching: RHP William Roy
Batting: RHB Len Valadez 0-0: Ball
1-0: Called Strike
1-1: Ball
2-1: Swinging Strike
2-2: Ball
3-2: Strikes out swinging
Bottom of the 6th over - 4 runs, 4 hits, 0 errors, 1 left on base; Maryland 0 - Alabama 5
TOP OF THE 7TH
Maryland Terrapins batting - Pitching for Alabama Crimson Tide : RHP Dave Edmonds
Batting: RHB Fred Taylor 0-0: Ball
1-0: Ball
2-0: Called Strike
2-1: Called Strike
2-2: Ball
3-2: Foul Ball, location: 2F
3-2: Fly out, F6 (Popup, P)
Batting: RHB Ben Barnes 0-0: Ground out 4-3 (Groundball, 4)
Batting: SHB Philippe Paquin 0-0: Ball
1-0: Foul Ball, location: 2F
1-1: Swinging Strike
1-2: Ball
2-2: Strikes out looking
Top of the 7th over - 0 runs, 0 hits, 0 errors, 0 left on base; Maryland 0 - Alabama 5
BOTTOM OF THE 7TH
Alabama Crimson Tide batting - Pitching for Maryland Terrapins : RHP William Roy
Batting: RHB John Martin 0-0: Called Strike
0-1: Ball
1-1: Foul Ball, location: 2F
1-2: Ball
2-2: Ball
3-2: Base on Balls
Batting: LHB Tom York 0-0: Foul Ball, location: 2F
0-1: Fly out, F9 (Flyball, 89M)
Batting: RHB Chris Bass 0-0: Fly out, F7 (Flyball, 7S)
Batting: LHB Tracy Becker 0-0: Ball
1-0: Called Strike
1-1: Fly out, F8 (Flyball, 8LD)
Bottom of the 7th over - 0 runs, 0 hits, 0 errors, 1 left on base; Maryland 0 - Alabama 5
TOP OF THE 8TH
Maryland Terrapins batting - Pitching for Alabama Crimson Tide : RHP Dave Edmonds
Now at 2B: Paco Molina
Batting: RHB José Lazu 0-0: Swinging Strike
0-1: Ball
1-1: Swinging Strike
1-2: Strikes out swinging
Batting: RHB Jeff O'Day 0-0: Fly out, F8 (Flyball, 8RD)
Batting: LHB Winston Roberts 0-0: Called Strike
0-1: Foul Ball, location: 2F
0-2: SINGLE (Flyball, 89M)
Batting: LHB Charlie Johnston 0-0: 2-RUN HOME RUN (Flyball, 9LD), Distance : 335 ft
Pitching: LHP Steve Johnston
Batting: RHB Kris Brown 0-0: Called Strike
0-1: Ball
1-1: Ball
2-1: Ball
3-1: Base on Balls
Batting: RHB Les McCarty 0-0: Ball
1-0: Called Strike
1-1: Foul Ball, location: 2F
1-2: Ball
2-2: Foul Ball, location: 2F
2-2: Ball
3-2: Base on Balls
Kris Brown to second
Batting: RHB Fred Taylor 0-0: Ball
1-0: SINGLE (Line Drive, 4D)
Kris Brown to third
Les McCarty to second
Batting: RHB Ben Barnes 0-0: Swinging Strike
0-1: Foul Ball, location: 2F
0-2: Strikes out swinging
Top of the 8th over - 2 runs, 3 hits, 0 errors, 3 left on base; Maryland 2 - Alabama 5
BOTTOM OF THE 8TH
Alabama Crimson Tide batting - Pitching for Maryland Terrapins : RHP William Roy
Batting: RHB Shannon Watson 0-0: Called Strike
0-1: Ball
1-1: Ball
2-1: Ball
3-1: Swinging Strike
3-2: Fly out, F9 (Flyball, 9LS)
Batting: RHB Mike Irvin 0-0: Ball
1-0: SINGLE (Line Drive, 4D)
Batting: RHB Oscar Trent 0-0: Called Strike
0-1: Swinging Strike
0-2: Ball
1-2: Ball
2-2: SINGLE (Flyball, 8LS)
Mike Irvin to second
Runner from 2nd tries for 3rd, SAFE, no throw
Batting: SHB Wayne Coleman 0-0: Ball
1-0: Ball
2-0: SINGLE (Groundball, 6MD)
Mike Irvin scores
Oscar Trent to second
Runner from 2nd tries for 3rd, OUT!
Batting: RHB Len Valadez 0-0: Ball
1-0: Ball
2-0: Ball
3-0: Base on Balls
Wayne Coleman to second
Batting: RHB John Martin 0-0: Ball
1-0: Swinging Strike
1-1: Ball
2-1: Swinging Strike
2-2: Foul Ball, location: 2F
2-2: Ball
3-2: Ground out 5-3 (Groundball, 25)
Bottom of the 8th over - 1 run, 3 hits, 0 errors, 2 left on base; Maryland 2 - Alabama 6
TOP OF THE 9TH
Maryland Terrapins batting - Pitching for Alabama Crimson Tide : LHP Steve Johnston
Batting: SHB Philippe Paquin 0-0: Called Strike
0-1: Swinging Strike
0-2: Strikes out looking
Batting: RHB José Lazu 0-0: SINGLE (Groundball, 56D)
Batting: RHB Jeff O'Day 0-0: Called Strike
0-1: Foul Ball, location: 2F
0-2: Fielders Choice at 2nd, 5-4 (Groundball, 5)
Batting: LHB Winston Roberts 0-0: Ball
1-0: Ball
2-0: Foul Ball, location: 2F
2-1: Ground out 4-3 (Groundball, 4S)
Top of the 9th over - 0 runs, 1 hit, 0 errors, 1 left on base; Maryland 2 - Alabama 6
Saturday, April 7th, 2018 - OOTP Baseball 18.8 Build 76